Map: Lerilak Crest

Players

SticklerMac

  • Race: Zerg Zerg
  • League: Silver

AnTicS - Winner!

  • Race: Protoss Protoss
  • League: Silver

VOD

Have the link to the VOD?

Description

Time

  • Played on: Sept. 19, 2015, 6:28 p.m.
  • Length: 9:24
Show
View Real Time Build Order
Export as new Build Order

SticklerMac Zerg 

Build Orders: Hatch First 

Get SALT Encoding   

  12  0:01  Drone  
  13  0:08  Drone  
  14  0:17  Overlord  
  14  0:37  Drone x3  
  17  0:56  Hatchery  
  16  0:58  Drone  
  17  1:04  Drone  
  17  1:10  Drone  
  19  1:14  Extractor  
  18  1:21  Drone  
  19  1:28  Spawning Pool  
  18  1:35  Drone  
  19  1:43  Drone  
  20  1:53  Overlord  
  20  2:06  Drone  
  21  2:09  Drone  
  21  2:14  Drone  
  23  2:16  Queen x2  
  23  2:18  Metabolic Boost  
  23  2:20  Drone  
  28  2:25  Drone  
  29  2:36  Drone x2  
  31  2:51  Drone x3  
  33  3:01  Drone  
  33  3:02  Drone  
  33  3:03  Lair  
  35  3:07  Drone  
  35  3:09  Extractor  
  35  3:12  Drone  
  35  3:35  Extractor, Queen  
  35  3:37  Overlord x3, Extractor  
  35  3:38  Overlord  
  35  3:44  Drone  
  36  4:01  Drone x6  
  36  4:02  Drone x5  
  47  4:07  Drone x2  
  47  4:08  Spire  
  48  4:14  Spore Crawler  
  47  4:17  Spore Crawler  
  47  4:22  Spore Crawler  
  45  4:25  Spore Crawler  
  44  4:32  Queen  
  46  4:41  Drone x3  
  46  4:42  Drone x2  
  51  4:46  Drone  
  51  4:48  Overlord  
  51  4:52  Overlord  
  52  5:16  Drone  
  52  5:17  Overlord x2  
  52  5:18  Overlord  
  53  5:21  Mutalisk x4  
  61  5:37  Mutalisk  
  61  5:38  Mutalisk x3  
  61  5:39  Mutalisk  
  61  5:41  Mutalisk  
  73  5:48  Mutalisk x2  
  77  6:01  Mutalisk  
  79  6:07  Mutalisk  
  81  6:28  Mutalisk x2  
  78  6:44  Overlord x3  
  78  6:45  Overlord x2  
  70  6:49  Mutalisk  
  70  6:50  Mutalisk  
  67  6:55  Mutalisk  
  66  7:03  Overlord x4  
  66  7:20  Mutalisk x2  
  66  7:35  Mutalisk  
  58  7:47  Mutalisk  
  56  7:58  Mutalisk  
  58  8:06  Drone x3  
  58  8:08  Drone x3  
  58  8:10  Drone x5  
  58  8:11  Drone x5  
  70  8:30  Mutalisk x3  
  76  8:39  Mutalisk  
Show
View Real Time Build Order
Export as new Build Order

AnTicS Protoss - Winner!

Build Orders: Nexus First 

Get SALT Encoding   

  12  0:00  Probe (Chrono Boost)  
  13  0:10  Probe (Chrono Boost)  
  14  0:18  Pylon  
  14  0:22  Probe (Chrono Boost)  
  15  0:36  Probe (Chrono Boost)  
  16  0:45  Probe (Chrono Boost)  
  17  0:55  Probe (Chrono Boost)  
  18  1:05  Nexus  
  18  1:15  Gateway  
  18  1:17  Probe (Chrono Boost)  
  19  1:24  Assimilator  
  19  1:27  Probe (Chrono Boost)  
  20  1:33  Pylon  
  20  1:37  Probe (Chrono Boost)  
  21  1:47  Probe (Chrono Boost)  
  22  1:57  Probe (Chrono Boost)  
  23  2:07  Probe (Chrono Boost)  
  24  2:09  Cybernetics Core  
  24  2:10  Pylon  
  24  2:17  Probe (Chrono Boost)  
  24  2:19  Probe (Chrono Boost)  
  26  2:25  Pylon  
  26  2:27  Probe (Chrono Boost)  
  26  2:29  Probe (Chrono Boost)  
  28  2:37  Probe (Chrono Boost)  
  28  2:43  Gateway  
  29  2:55  Gateway  
  29  2:58  Probe (Chrono Boost), Adept, Warp Gate (Chrono Boost)  
  30  3:01  Pylon  
  30  3:02  Probe (Chrono Boost)  
  33  3:08  Assimilator  
  33  3:09  Probe  
  33  3:12  Probe  
  35  3:21  Probe  
  36  3:28  Gateway  
  36  3:30  Gateway  
  36  3:33  Pylon  
  36  3:36  Mothership Core  
  36  3:39  Pylon  
  38  3:46  Probe  
  39  3:56  Probe, Pylon  
  39  3:57  Probe  
  41  4:06  Probe (Chrono Boost)  
  41  4:07  Robotics Facility  
  41  4:09  Probe (Chrono Boost)  
  43  4:17  Probe (Chrono Boost)  
  43  4:20  Probe (Chrono Boost)  
  43  4:21  Assimilator  
  43  4:22  Assimilator  
  45  4:26  Pylon  
  45  4:27  Probe (Chrono Boost)  
  45  4:30  Probe (Chrono Boost)  
  47  4:37  Probe (Chrono Boost)  
  48  4:40  Probe (Chrono Boost), Stargate  
  49  4:47  Probe (Chrono Boost)  
  49  4:50  Probe (Chrono Boost)  
  49  4:51  Stalker  
  53  4:56  Warp Prism  
  53  4:57  Probe (Chrono Boost)  
  56  5:00  Probe (Chrono Boost)  
  56  5:06  Stargate  
  57  5:07  Probe (Chrono Boost)  
  57  5:10  Probe (Chrono Boost)  
  59  5:17  Probe (Chrono Boost)  
  59  5:20  Probe (Chrono Boost)  
  61  5:22  Adept x3  
  61  5:23  Adept x2  
  61  5:26  Probe (Chrono Boost)  
  72  5:30  Probe (Chrono Boost)  
  72  5:31  Phoenix (Chrono Boost)  
  72  5:35  Probe  
  76  5:44  Probe  
  76  5:45  Probe  
  78  5:53  Phoenix (Chrono Boost)  
  78  5:55  Phoenix (Chrono Boost)  
  78  5:56  Probe  
  83  6:00  Probe  
  84  6:08  Probe  
  85  6:12  Probe  
  85  6:14  Phoenix (Chrono Boost)  
  85  6:15  Phoenix (Chrono Boost)  
  90  6:20  Probe  
  90  6:24  Probe  
  92  6:30  Adept  
  92  6:31  Adept x4  
  102  6:36  Probe x2  
  96  6:49  Phoenix x2 (Chrono Boost)  
  98  6:56  Probe  
  89  7:06  Warp Prism  
  91  7:09  Phoenix x2 (Chrono Boost)  
  91  7:10  Adept x3  
  101  7:16  Pylon  
  101  7:19  Pylon  
  101  7:20  Pylon  
  101  7:22  Pylon x2  
  101  7:23  Pylon  
  101  7:25  Pylon  
  97  7:37  Phoenix x2 (Chrono Boost)  
  93  7:57  Phoenix x2 (Chrono Boost)  
  97  8:18  Phoenix x2 (Chrono Boost)  
  101  8:38  Phoenix x2 (Chrono Boost)  
  101  8:39  Adept  
  101  8:40  Adept x4  
Tags
 
Add a new tag
Caveats
  • Supply blocks, unpowered buildings, or Contaminate may cause inaccurate times.
  • Supply counts are checked every 10 seconds.